AoeStats
← D.M.G.

African Clearing

510619728Analyzed
2v2 RM · 8h ago on Oct 1, 2026· 43m 22s· 4 players
Game mode
Random Map
Map size
Medium (4 player)
Population
200
Speed
Normal
Resources
Standard
Victory
Conquest
Starting age
Dark Age
Ending age
Imperial Age
RankedLock teamsTeams togetherTeam positionsShared explorationLock speedFull tech treeHidden civsTurbo modeCheats
Victory
Defeat
🇷🇺 Danes · Russia
1206
+18
🇷🇺 Franks · Russia
1192
+18
🇹🇷 Japanese · Türkiye
1270
-19
🇹🇷 Vietnamese · Türkiye
1222
-17
Saladin
10:36 Loom
13:18 Feudal Age
18:37 Castle Age
21:18 Double-Bit Axe
22:27 Bow Saw
22:00 Horse Collar
22:24 Squires
22:18 Arson
25:21 Wheelbarrow
27:55 Forging
28:15 Scale Mail Armor
29:02 Hand Cart
29:47 Iron Casting
30:46 Chain Mail Armor
32:18 Gold Mining
32:29 Heavy Plow
36:57 Imperial Age
35:09 Gold Shaft Mining
36:55 Stone Mining
37:25 Hamask
38:26 Conscription
39:11 Blast Furnace
39:00 Plate Mail Armor
40:29 Stone Shaft Mining
40:09 Elite Varangian Guard
40:48 Gambesons
hadji_andiyskiy
11:04 Loom
14:34 Feudal Age
16:04 Double-Bit Axe
17:56 Forging
21:48 Castle Age
24:39 Husbandry
25:06 Stone Mining
25:59 Scale Barding Armor
29:19 Gold Mining
31:14 Wheelbarrow
31:40 Bow Saw
34:27 Town Watch
37:11 Hand Cart
40:19 Gold Shaft Mining
43:39 Fletching
44:26 Iron Casting
44:11 Chain Barding Armor
HT
8:27 Loom
12:05 Feudal Age
13:05 Double-Bit Axe
22:00 Castle Age
20:56 Scale Barding Armor
21:27 Bloodlines
22:38 Forging
22:44 Husbandry
25:52 Bow Saw
27:29 Scale Mail Armor
30:07 Wheelbarrow
29:55 Horse Collar
30:23 Gold Mining
32:14 Town Watch
34:21 Chain Mail Armor
34:44 Squires
41:43 Iron Casting
41:00 Arson
D.M.G.
14:51 Feudal Age
19:04 Castle Age
18:19 Forging
18:14 Scale Barding Armor
18:43 Forging
18:33 Scale Mail Armor
26:23 Wheelbarrow
26:16 Fletching
26:27 Padded Archer Armor
30:07 Horse Collar
30:14 Double-Bit Axe
31:56 Iron Casting
37:23 Imperial Age
37:30 Hand Cart
38:49 Paper Money
38:53 Gold Mining
39:25 Bodkin Arrow
41:50 Chain Mail Armor
Connection lost

Rejoining the realm…

Still unreachable

The connection could not be restored.

Session expired

The server has moved on; the page needs a fresh start.